AoeStats
← VLC | _Sr Mike_

Nomad

510446773Analyzed
4v4 RM · 2d ago on Oct 1, 2026· 65m 56s· 8 players
Game mode
Random Map
Map size
231×231
Population
200
Speed
Normal
Resources
Standard
Victory
Conquest
Starting age
Dark Age
Ending age
Imperial Age
RankedLock teamsTeams togetherTeam positionsShared explorationLock speedFull tech treeHidden civsTurbo modeCheats
Victory
Defeat
🇨🇴 Byzantines · Colombia
1553
+18
🇨🇴 Wei · Colombia
1548
+18
🇨🇴 Huns · Colombia
1512
+20
🇨🇴 Lithuanians · Colombia
1479
+20
🇦🇷 Slavs · Argentina
1616
-20
🇧🇴 Bulgarians · Bolivia
1599
-19
🇺🇸 Teutons · United States
1595
-19
🇺🇸 Mongols · United States
1569
-18
jAvi
11:54 Feudal Age
12:01 Man-at-Arms
15:47 Loom
18:11 Castle Age
16:46 Double-Bit Axe
18:29 Scale Barding Armor
19:39 Bow Saw
22:22 Pikeman
23:06 Husbandry
23:07 Gold Mining
23:59 Horse Collar
24:38 Long Swordsman
25:37 Scale Mail Armor
29:43 Chain Mail Armor
29:38 Forging
31:01 Pikeman
37:56 Wheelbarrow
37:22 Heavy Plow
41:55 Imperial Age
39:47 Hand Cart
42:10 Iron Casting
41:55 Halberdier
49:37 Squires
54:57 Two-Man Saw
55:54 Light Cavalry
57:34 Bloodlines
58:46 Gold Shaft Mining
59:12 Crop Rotation
59:14 Chain Barding Armor
60:24 Plate Barding Armor
63:10 Blast Furnace
63:46 Hussar
65:08 Fletching
嗚
6:06 Loom
13:15 Feudal Age
13:57 Double-Bit Axe
16:33 Fishing Lines
21:25 Castle Age
19:49 Gold Mining
22:19 Medium Warships
22:40 Bow Saw
23:10 Clinker Construction
23:23 Careening
25:22 Wheelbarrow
25:46 Gillnets
26:40 Fletching
27:01 Stone Mining
28:17 Stone Shaft Mining
28:34 Gold Shaft Mining
28:17 Bodkin Arrow
30:09 Town Watch
31:05 Ballistics
36:45 Imperial Age
34:47 Padded Archer Armor
36:56 Leather Archer Armor
37:13 Bloodlines
37:04 Husbandry
37:51 Conscription
37:33 Bracer
38:58 Chemistry
38:57 Thumb Ring
39:18 Parthian Tactics
39:55 Capped Ram
41:29 Elite Mangudai
44:51 Siege Ram
48:04 Drill
BomBomB0
5:07 Loom
13:23 Feudal Age
17:39 Castle Age
16:15 Horse Collar
18:08 Double-Bit Axe
18:24 Heavy Plow
18:08 Fishing Lines
18:33 Town Watch
19:44 Fletching
20:40 Wheelbarrow
21:26 Forging
23:16 Hand Cart
23:04 Scale Mail Armor
23:01 Stone Mining
26:19 Bow Saw
30:32 Bodkin Arrow
38:32 Ballistics
37:44 Pikeman
38:25 Squires
39:52 Iron Casting
40:15 Gillnets
42:12 Stone Shaft Mining
41:28 Gold Mining
42:36 Heavy Plow
45:42 Imperial Age
45:37 Chain Mail Armor
45:59 Elite Teutonic Knight
47:14 Plate Mail Armor
48:28 Blast Furnace
49:51 Chemistry
51:31 Conscription
51:36 Crenellations
55:51 Two-Man Saw
64:45 Hoardings
[ECU] Pendeck's
5:29 Loom
12:31 Feudal Age
17:00 Double-Bit Axe
23:22 Castle Age
21:27 Fletching
24:26 Medium Warships
24:14 Bodkin Arrow
26:01 Town Watch
27:23 Bow Saw
27:49 Wheelbarrow
28:59 Clinker Construction
30:12 Scale Barding Armor
30:23 Hand Cart
32:33 Horse Collar
39:19 Imperial Age
37:09 Stone Mining
38:04 Forging
38:21 Gold Mining
38:52 Heavy Plow
39:33 Chain Barding Armor
41:01 Plate Barding Armor
41:30 Iron Casting
41:06 Pikeman
42:10 Squires
41:56 Gambesons
43:04 Scale Mail Armor
44:05 Blast Furnace
43:58 Crop Rotation
43:57 Chain Mail Armor
43:24 Halberdier
48:15 Plate Mail Armor
49:57 Light Cavalry
51:14 Bloodlines
51:08 Husbandry
50:59 Hussar
VLC | GCuello
4:47 Loom
13:44 Feudal Age
14:27 Double-Bit Axe
14:35 Gold Mining
16:14 Wheelbarrow
18:26 Stone Mining
23:28 Castle Age
21:57 Horse Collar
23:26 Scale Barding Armor
24:47 Hand Cart
24:43 Bow Saw
25:19 Stone Shaft Mining
24:55 Heavy Plow
30:21 Gold Shaft Mining
31:25 Chain Barding Armor
31:18 Bloodlines
31:08 Husbandry
32:12 Fletching
33:30 Bodkin Arrow
34:59 Forging
38:56 Imperial Age
39:02 Iron Casting
39:15 Elite Tiger Cavalry
40:56 Ming Guang Armor
43:34 Ballistics
44:38 Blast Furnace
46:12 Chemistry
45:50 Bracer
46:23 Conscription
46:38 Padded Archer Armor
47:15 Thumb Ring
47:36 Parthian Tactics
47:26 Masonry
47:56 Crop Rotation
48:38 Treadmill Crane
53:56 Murder Holes
54:28 Leather Archer Armor
55:57 Light Cavalry
56:56 Hussar
64:33 Ring Archer Armor
VLC | _Sr Mike_
4:48 Loom
13:33 Feudal Age
18:55 Fletching
21:20 Castle Age
22:16 Medium Warships
22:04 Double-Bit Axe
23:03 Bodkin Arrow
27:34 Horse Collar
30:39 Bow Saw
32:16 Wheelbarrow
33:49 Hand Cart
37:19 Imperial Age
35:33 Gold Mining
37:23 Ballistics
37:50 Padded Archer Armor
38:13 Bracer
39:31 Chemistry
39:19 Leather Archer Armor
39:18 Elite Skirmisher
40:45 Thumb Ring
42:43 Heavy Plow
43:32 Conscription
46:29 Ring Archer Armor
52:37 Two-Man Saw
VLC | SnowBall
5:52 Loom
6:45 Loom
13:18 Feudal Age
17:05 Castle Age
15:23 Horse Collar
16:13 Double-Bit Axe
19:06 Bow Saw
22:08 Stone Mining
22:54 Fervor
23:37 Scale Barding Armor
25:47 Heavy Plow
26:52 Chain Barding Armor
31:39 Imperial Age
29:28 Forging
30:53 Iron Casting
30:18 Scale Mail Armor
30:53 Iron Casting
30:52 Bloodlines
31:57 Wheelbarrow
33:20 Plate Barding Armor
32:58 Gold Mining
35:00 Fletching
35:10 Padded Archer Armor
35:24 Elite Leitis
35:43 Cavalier
36:24 Husbandry
36:54 Bodkin Arrow
38:04 Chemistry
36:59 Town Watch
38:08 Conscription
38:27 Paladin
40:53 Hand Cart
48:48 Bracer
49:03 Leather Archer Armor
49:31 Elite Skirmisher
50:17 Thumb Ring
52:16 Ballistics
53:48 Leather Archer Armor
55:33 Ring Archer Armor
54:55 Guard Tower
58:02 Two-Man Saw
58:24 Hoardings
58:03 Murder Holes
59:02 Masonry
62:12 Elite Leitis
VLC | Tithen
4:30 Loom
13:05 Feudal Age
13:55 Double-Bit Axe
18:09 Fletching
20:36 Castle Age
19:51 Horse Collar
21:07 Gold Mining
21:55 Bodkin Arrow
22:45 Bow Saw
22:43 Crossbowman
24:17 Padded Archer Armor
33:56 Town Watch
36:21 Ballistics
41:21 Gold Shaft Mining
45:22 Thumb Ring
46:27 Leather Archer Armor
48:00 Wheelbarrow
48:35 Husbandry
48:45 Bloodlines
52:46 Imperial Age
50:27 Scale Barding Armor
51:14 Forging
50:40 Light Cavalry
52:31 Chain Barding Armor
52:47 Iron Casting
52:46 Heavy Plow
52:51 Hussar
53:39 Bracer
54:10 Hand Cart
55:31 Conscription
56:05 Plate Barding Armor
56:38 Parthian Tactics
57:06 Heavy Cavalry Archer
60:38 Blast Furnace
62:05 Two-Man Saw
65:16 Chemistry
Connection lost

Rejoining the realm…

Still unreachable

The connection could not be restored.

Session expired

The server has moved on; the page needs a fresh start.